 Dungeon Crawl Stone Soup version 0.18.1-6-gd335043 (webtiles) character file.

19 M4edhros the Grave Robber (level 2, 0/17 HPs)
             Began as an Octopode Necromancer on May 18, 2016.
             Slain by an adder (2 damage)
             ... on level 2 of the Dungeon.
             The game lasted 00:02:57 (353 turns).

M4edhros the Grave Robber (Octopode Necromancer)     Turns: 353, Time: 00:02:58

Health: 0/17       AC:  1    Str:  7      XL:     2   Next: 75%
Magic:  0/5        EV: 12    Int: 16 (17) God:
Gold:   36         SH:  0    Dex: 12      Spells: 2 memorised, 3 levels left

rFire  + . .     SeeInvis .     c - +0 dagger
rCold  . . .     Gourm    .     (no shield)
rNeg   . . .     Faith    .     (helmet restricted)
rPois  .         Spirit   .     (no amulet)
rElec  .         Dismiss  .     (no ring)
rCorr  .         Reflect  .     (no ring)
SustAt .         Harm     .     (no ring)
MR     .....                    (no ring)
Stlth  +++.......               (no ring)
                                (no ring)
                                (no ring)
                                (no ring)

@: not resistant to hostile enchantments, fairly stealthy
A: almost no armour, amphibious, 8 rings, constrict 8, camouflage 1, blurry
vision 1, deterioration 1, fire resistance 1, gelatinous body 1
a: no special abilities


You were on level 2 of the Dungeon.
You were not hungry.

You visited 1 branch of the dungeon, and saw 2 of its levels.

You collected 36 gold pieces.

Inventory:

Hand Weapons
 c - a +0 dagger (weapon)
Armour
 f - a +0 buckler
Scrolls
 e - a scroll of enchant armour {unknown}
Books
 a - a book of Necromancy

   Spells                             Type                      Level
   a - Pain                           Necromancy                   1
   b - Animate Skeleton               Necromancy                   1
   c - Vampiric Draining              Necromancy                   3
   d - Regeneration                   Charms/Necromancy            3
   e - Animate Dead                   Necromancy                   4
   f - Control Undead                 Necromancy                   4
Comestibles
 b - a bread ration
 d - 8 chunks of flesh


   Skills:
 - Level 2.0 Dodging
 - Level 2.6 Stealth
 + Level 2.2 Unarmed Combat
 - Level 2.0 Spellcasting
 - Level 4.0 Necromancy


You had 3 spell levels left.
You knew the following spells:

 Your Spells              Type           Power        Failure   Level  Hunger
a - Pain                  Necr           ##..         4%          1    #......
b - Animate Skeleton      Necr           N/A          4%          1    #......


Dungeon Overview and Level Annotations

Branches:
Dungeon (2/15)

Altars:


Innate Abilities, Weirdness & Mutations

You cannot wear most types of armour.
You are amphibious.
You can wear up to eight rings at the same time.
You can use your tentacles to constrict eight enemies at once.
Your skin changes colour to match your surroundings (Stealth).
Your rubbery body absorbs attacks (AC +1).
Scrolls take you a little longer to read.
Your body sometimes deteriorates upon taking damage.
Your flesh is heat resistant.


Message History

Casting: Animate Skeleton
Confirm with . or Enter, or press ? or * to list all spells.
Aiming: Pain
Press: ? - help, Shift-Dir - straight line, f/p - adder
Aim: an adder (chance to defeat MR: 80%)
The adder convulses in agony!
Casting: Pain
Confirm with . or Enter, or press ? or * to list all spells.
Aiming: Pain
Press: ? - help, Shift-Dir - straight line, f/p - adder
Aim: an adder (moderately wounded, chance to defeat MR: 80%)
The adder convulses in agony!
You closely miss the adder. Your grab misses the adder.
The adder is almost dead.
The adder bites you.
* * * LOW HITPOINT WARNING * * *
Your body deteriorates!
You feel dopey. The adder closely misses you. The adder bites you.
You die...

#...#...#
.....#.######
#.......%....#
#.....#.####.#
##......# #.#
###...#### ##Z#####
$#.....# ###......#
....(..# #..[.†S.##
##.....###.#..##@#
##.......#.#.....#
##.......# #.##..#
##...r...#.#.##..##
##.......#........#
##.......####.#.###
##.......# #.#.#
##.......# #...#
########## #..##


You could see an adder and a friendly giant gecko skeleton.

Vanquished Creatures
  A worm (D:2)
  A dart slug (D:1)
  A giant gecko (D:2)
  A bat (D:2)
  A giant cockroach (D:2)
  2 goblins
  2 hobgoblins
  A giant newt (D:2)
  3 rats
13 creatures vanquished.

Notes
Turn   | Place    | Note
--------------------------------------------------------------
     0 | D:1      | M4edhros the Octopode Necromancer began the quest for the Orb.
     0 | D:1      | Reached XP level 1. HP: 11/11 MP: 3/3
    28 | D:1      | Reached skill level 1 in Unarmed Combat
    38 | D:1      | !!!! my statement: not loosing this game. at any cost. even high turncount.
   100 | D:1      | Reached XP level 2. HP: 7/17 MP: 0/5
   204 | D:2      | Gained mutation: Scrolls take you a little longer to read. [potion of mutation]
   204 | D:2      | Gained mutation: Your flesh is heat resistant. [potion of mutation]
   204 | D:2      | Gained mutation: Your body sometimes deteriorates upon taking damage. [potion of mutation]
   316 | D:2      | Learned a level 1 spell: Animate Skeleton
   353 | D:2      | Slain by an adder

Skill      XL: |  1  2 |
---------------+-------+-----
Unarmed Combat | 1 2 |  2.2
Dodging        | |  2.0
Stealth        | |  2.6
Spellcasting   | |  2.0
Necromancy     | |  4.0

Action                   || total
-------------------------++-------
Melee: Unarmed           ||     5
       Constrict         ||     4
       Dagger            ||     5
 Cast: Pain              ||    22
       Animate Skeleton  ||     2
  Use: Scroll            ||     1
       Potion            ||     1
 Stab: Sleeping          ||     2
Dodge: Dodged            ||     4
